 Dungeon Crawl Stone Soup version 0.29-a0-297-g7659ce593d (webtiles) character file.

Game seed: 14935487013036361443

5279 ensis the Grappler (level 10, -6/94 HPs)
             Began as a Troll Berserker on Mar 21, 2022.
             Was an Elder of Trog.
             Mangled by a killer bee (15 damage)
             ... on level 9 of the Dungeon.
             The game lasted 00:35:43 (6443 turns).

ensis the Grappler (Troll Berserker)                Turns: 6443, Time: 00:35:43

Health: -6/94      AC:  5    Str: 33    XL:     10   Next: 36%
Magic:  9/9        EV: 12    Int:  3    God:    Trog [****..]
Gold:   295        SH:  0    Dex: 15    Spells: 9/9 levels left

rFire   . . .      SeeInvis .     - Unarmed
rCold   . . .      Faith    .   (no shield)
rNeg    . . .      Spirit   .   v - +1 robe {Will+}
rPois   .          Reflect  .   (helmet restricted)
rElec   .          Harm     +   d - scarf {harm}
rCorr   .          Rampage  .   (gloves unavailable)
Will    +++..                   (boots unavailable)
Stlth   +.........              (no amulet)
HPRegen 2.05/turn               e - +6 ring of dexterity
MPRegen 0.11/turn               (no ring)

@: lethally poisoned (-6 -> -7), strong-willed, on berserk cooldown,
regenerating, slowed, very slow
A: large, unfitting armour, claws 3, regeneration 1, shaggy fur 1, tough skin 1,
horns 1, strong 1
a: Renounce Religion, Berserk, Trog's Hand, Brothers in Arms


You were on level 9 of the Dungeon.
You worshipped Trog.
Trog was greatly pleased with you.
You visited 1 branch of the dungeon, and saw 9 of its levels.

You collected 677 gold pieces.
You spent 382 gold pieces at shops.

Inventory:

Hand Weapons
 g - a +1 hunting sling
Missiles
 j - 17 poisoned darts (quivered)
 n - 6 boomerangs
 q - a throwing net
 B - a curare-tipped dart
Armour
 a - a +1 animal skin
 b - a +0 leather armour
 d - a scarf of harm (worn)
 v - a +1 robe of willpower (worn)
Jewellery
 e - a +6 ring of dexterity (left claw)
 y - an amulet of faith
Wands
 p - a wand of iceblast (18)
 w - a wand of mindburst (14)
Scrolls
 h - 5 scrolls of magic mapping
 i - a scroll of fog
 s - 3 scrolls of enchant armour
 t - a scroll of enchant weapon
Potions
 c - 2 potions of curing
 f - a potion of ambrosia
 k - 2 potions of heal wounds
 l - 2 potions of haste
 m - a potion of degeneration
 o - a potion of attraction
 r - 2 potions of might
 u - a potion of invisibility {unknown}
 x - a potion of resistance
 z - a potion of flight {unknown}
Miscellaneous
 A - a tin of tremorstones (inert)


   Skills:
 + Level 4.7 Fighting
 + Level 6.1 Dodging
 + Level 13.2 Unarmed Combat
 + Level 0.3 Evocations


You had 9 spell levels left.
You didn't know any spells.
Your spell library was empty.

Dungeon Overview and Level Annotations

Branches:
Dungeon (9/15)             Temple (0/1) D:7             Orc (0/2) D:9
   Lair: D:8-11

Altars:
Uskayaw

Shops:
D:6 *   D:8 =*?


Innate Abilities, Weirdness & Mutations

You are too large for most types of armour.
You have claws for hands.
Your natural rate of healing is unusually fast.
You are covered in fur. (AC +1)
You have tough skin. (AC +1)
You have a pair of small horns on your head.
Your muscles are strong. (Str +2)


Message History

The killer bee closely misses you.
You closely miss the killer bee. Your headbutt misses the killer bee.
The killer bee is almost dead.
You feel sick.
The killer bee stings you but does no damage.
The killer bee closely misses you.
You barely miss the killer bee.
The killer bee is almost dead.
You are no longer berserk.
You are exhausted.
You feel yourself slow down.
* * * LOW HITPOINT WARNING * * *
You feel sick. The killer bee barely misses you.
The killer bee closely misses you.
The queen bee calls on the killer bee to defend it!
The killer bee goes berserk!
The queen bee calls on the killer bee to defend it!
The killer bee goes berserk!
Okay, then.
You feel much better.
You feel sick.
The killer bee rages.
The killer bee stings you.
* * * LOW HITPOINT WARNING * * *
You are more poisoned.
The killer bee poisons you! The killer bee barely misses you.
The killer bee misses you. The killer bee barely misses you.
The queen bee calls on the killer bee to defend it!
The killer bee goes berserk!
The killer bee closely misses you. The killer bee misses you.
You hear an angry buzzing noise.
Your skin crawls.
You feel strong-willed.
You feel very sick. The killer bee barely misses you.
The killer bee rages.
The killer bee misses you. The killer bee stings you!
* * * LOW HITPOINT WARNING * * *
The killer bee barely misses you. The killer bee misses you.
The killer bee barely misses you. x2; The killer bee stings you!
You die...

.# ##.........# #.....#
.### #.........# #.....#
.#≈## #.........#
#.....#
.#≈≈########...##
##.#### .#≈≈≈######.>###
.######........#
...............# #+
######.........#####..!.
SSS≈≈##.^......#@yyyy†..
≈≈≈≈###.........y#y#y...
≈≈≈≈≈ #.########## # .
##≈≈≈##.# ≈≈≈≈≈
.#≈≈≈#..###≈≈≈##
##≈≈≈#..####### ≈≈≈S
####'## ≈≈≈ #..## ≈≈
##..##


You could see a queen bee and 6 killer bees.

Vanquished Creatures
  A two-headed ogre (D:8)
  A gargoyle (D:9)
  The ghost of Longtemps the Firebug, a novice OpFE (D:5)
  A wraith (D:9)
  A wyvern (D:7)
  A steam dragon (D:9)
  A water moccasin (D:9)
  An orc warrior (D:9)
  3 sky beasts
  2 ice beasts (D:7)
  3 ogres
  A phantom (D:6)
  2 kobold brigands
  2 necrophages
  A bullfrog (D:8)
  2 scorpions
  A gnoll sergeant (D:6)
  4 wights
  2 water moccasin skeletons (D:5)
  23 killer bees (D:9)
  7 howler monkeys
  A crimson imp (D:4)
  3 orc priests
  A bullfrog skeleton (D:5)
  An iguana (D:5)
  5 orc wizards
  A howler monkey skeleton (D:5)
  12 adders
  9 gnolls
  A shadow imp (D:7)
  3 white imps
  2 ufetubi
  2 worms
  2 dart slugs
  27 orcs
  7 endoplasms
  2 giant cockroaches (D:3)
  10 goblins
  6 hobgoblins
  8 jackals
  18 kobolds
  4 quokkas
  5 ball pythons
  4 bats
  4 frilled lizards
  12 rats
211 creatures vanquished.

Notes
Turn   | Place    | Note
-------+----------+-------------------------------------------
     0 | D:1      | ensis the Troll Berserker began the quest for the Orb.
     0 | D:1      | Reached XP level 1. HP: 22/22 MP: 0/0
   160 | D:1      | Reached XP level 2. HP: 27/29 MP: 1/1
   326 | D:1      | Gained mutation: You have a pair of small horns on your
                  | head. [potion of mutation]
   326 | D:1      | Gained mutation: Your muscles are strong. (Str +2) [potion
                  | of mutation]
   376 | D:1      | Reached ** piety under Trog
   677 | D:1      | Reached XP level 3. HP: 36/36 MP: 2/2
   864 | D:2      | Reached XP level 4. HP: 45/45 MP: 3/3
   977 | D:2      | Reached skill level 4 in Unarmed Combat
  1329 | D:2      | Found a faded altar of an unknown god.
  1665 | D:3      | Found a hide-covered altar of Uskayaw.
  1869 | D:3      | Reached XP level 5. HP: 51/53 MP: 4/4
  2055 | D:3      | Reached skill level 5 in Unarmed Combat
  2339 | D:4      | Reached *** piety under Trog
  2439 | D:4      | Reached XP level 6. HP: 61/61 MP: 5/5
  3049 | D:5      | Entered Level 5 of the Dungeon
  3127 | D:5      | Noticed a sky beast
  3143 | D:5      | Killed a sky beast
  3144 | D:5      | Reached skill level 6 in Unarmed Combat
  3295 | D:5      | Reached XP level 7. HP: 67/67 MP: 6/6
  3438 | D:5      | Reached skill level 7 in Unarmed Combat
  3455 | D:5      | Found a transporter.
  3506 | D:5      | Found a transporter.
  3511 | D:5      | Noticed Longtemps's ghost (novice OpFE)
  3716 | D:5      | Killed Longtemps's ghost
  3717 | D:5      | Reached skill level 8 in Unarmed Combat
  3717 | D:5      | Reached XP level 8. HP: 72/76 MP: 7/7
  4032 | D:6      | Reached skill level 9 in Unarmed Combat
  4309 | D:6      | Reached skill level 5 in Dodging
  4337 | D:6      | Reached **** piety under Trog
  4366 | D:6      | Found Ziakluoth's Overcharged Wands.
  4383 | D:6      | Bought a wand of iceblast (18) for 330 gold pieces
  4652 | D:7      | Reached skill level 10 in Unarmed Combat
  4724 | D:7      | Reached XP level 9. HP: 84/84 MP: 8/8
  4750 | D:7      | Found a staircase to the Ecumenical Temple.
  5090 | D:8      | Noticed a two-headed ogre
  5096 | D:8      | Killed a two-headed ogre
  5097 | D:8      | Reached skill level 11 in Unarmed Combat
  5207 | D:8      | Found Juebuj's Assorted Antiques.
  5292 | D:8      | Found Riutant's Jewellery Boutique.
  5360 | D:8      | Found Lem Xemn's Distillery.
  5487 | D:8      | Found Ollod's Magic Scroll Emporium.
  5495 | D:8      | Bought a scroll of identify for 26 gold pieces
  5495 | D:8      | Bought a scroll of identify for 26 gold pieces
  5745 | D:9      | Reached skill level 12 in Unarmed Combat
  6141 | D:9      | Reached XP level 10. HP: 87/94 MP: 9/9
  6390 | D:9      | Noticed a gargoyle
  6395 | D:9      | Killed a gargoyle
  6407 | D:9      | Reached skill level 13 in Unarmed Combat
  6412 | D:9      | Found a staircase to the Orcish Mines.
  6438 | D:9      | HP: 7/141 [killer bee (1)]
  6441 | D:9      | HP: 2/94 [poisoned by a killer bee]
  6443 | D:9      | Mangled by a killer bee

Illustrated notes

Levels and vault maps discovered:
D:1:      saegor_arrival_simple_b, layout_basic, minmay_box_of_dots
D:2:      layout_loops_ring, shapermc_ecumenical_altar_pompeii
D:3:      layout_rooms, mainiacjoe_overflow_alcove_2,
          hangedman_abyss_or_decor_stabs
D:4:      layout_loops_corners, minmay_fire_ice_demons
D:5:      wander_river, layout_loops_ring, gammafunk_ghost_mausoleum
D:6:      layout_loops_corners, nicolae_lava_and_water, minivault_1,
          grunt_decor_clamped, nicolae_shop_overcharged_wands
D:7:      layout_rooms, minmay_temple_entry_statues
D:8:      layout_basic, serial_aquarium, aquarium_bridge_long_joined
          [aquarium_subvault_bridge, aquarium_subvault_bridge,
          aquarium_subvault_wall, aquarium_subvault_wall,
          aquarium_subvault_window, aquarium_subvault_bridge],
          aquarium_bridge_square [aquarium_subvault_wall,
          aquarium_subvault_bridge, aquarium_subvault_wall,
          aquarium_subvault_bridge], aquarium_window_1, aquarium_window_fake,
          aquarium_window_1, aquarium_window_3, aquarium_view_2a,
          aquarium_view_2d, aquarium_pool_side, serial_shops, shop, shop,
          nicolae_shop_trees, nicolae_take_the_stairs
D:9:      layout_roguey [special_room_bee], orc_0_dummy, serial_aquarium,
          aquarium_bridge_long_separate [aquarium_subvault_window,
          aquarium_subvault_window, aquarium_subvault_bridge,
          aquarium_subvault_bridge, aquarium_subvault_bridge,
          aquarium_subvault_window], aquarium_window_1, aquarium_window_fake,
          aquarium_window_fake, aquarium_window_2, aquarium_view_2d,
          aquarium_view_2e, aquarium_pool_S, nrook_pool_corridor, uniq_maggie,
          uniq_psyche

Skill      XL: |  1  2  3  4  5  6  7  8  9 10 |
---------------+-------------------------------+-----
Fighting       | 3 4 |  4.7
Dodging        | 3 4 5 6 |  6.1
Unarmed Combat | 4 5 6 8 10 12 13 | 13.2
Evocations     | |  0.3

Action                   |  1- 3 |  4- 6 |  7- 9 | 10-12 || total
-------------------------+-------+-------+-------+-------++-------
Melee: Unarmed           |    76 |   148 |   151 |    73 ||   448
       Punch             |     2 |     3 |     9 |     2 ||    16
       Headbutt          |     5 |    13 |    16 |     5 ||    39
Invok: Berserk           |       |       |       |     1 ||     1
       Trog's Hand       |       |       |       |     1 ||     1
Evoke: Tin of tremorston |       |       |       |     2 ||     2
  Use: Potion            |     2 |       |       |     1 ||     3
       Scroll            |     3 |     6 |     9 |       ||    18
 Stab: Sleeping          |       |       |     2 |       ||     2
Armor: Animal skin       |    19 |    48 |    33 |       ||   100
       Robe              |       |       |     1 |    12 ||    13
Dodge: Dodged            |    24 |    42 |    65 |    61 ||   192

Table legend: (Time is in decaauts)
 A = Elapsed time spent in this place.
 B = Non-inter-level travel time spent in this place.
 C = Inter-level travel time spent in this place.
 D = Time resting spent in this place.
 E = Time spent auto-exploring this place.
 F = Levels seen in this place.
 G = Mean time per level.
                   A        B        C        D        E       F      G
               +--------+--------+--------+--------+--------+-----+--------+
         Total |   6393 |   6109 |    284 |     93 |   4452 |   9 |  710.3 |
       Dungeon |   6393 |   6109 |    284 |     93 |   4452 |   9 |  710.3 |
               +--------+--------+--------+--------+--------+-----+--------+

Top non-repeatable levels by time:
     D:4: 909 daAuts
     D:6: 857 daAuts
     D:2: 805 daAuts
     D:1: 802 daAuts
     D:5: 745 daAuts
     D:9: 732 daAuts
     D:8: 602 daAuts
     D:3: 517 daAuts
     D:7: 419 daAuts
